 Dungeon Crawl Stone Soup version 0.28.0-53-g5a82cb258f (webtiles) character file.

Game seed: 13935194687074510730

25 Gabide the Shooter (level 2, -1/17 HPs)
             Began as a Deep Elf Hunter on June 17, 2022.
             Slain by a goblin
             ... wielding a +0 dagger
             ... led by Robin
              (3 damage)
             ... on level 1 of the Dungeon.
             The game lasted 00:03:18 (1671 turns).

Gabide the Shooter (Deep Elf Hunter)                Turns: 1671, Time: 00:03:18

Health: -1/17      AC:  3    Str:  9    XL:     2   Next: 86%
Magic:  4/4        EV: 12    Int: 15    God:
Gold:   26         SH:  0    Dex: 17    Spells: 1/1 levels left

rFire   . . .      SeeInvis .   b - +0 short sword
rCold   . . .      Faith    .   (no shield)
rNeg    . . .      Spirit   .   c - +0 leather armour
rPois   .          Reflect  .   (no helmet)
rElec   .          Harm     .   (no cloak)
rCorr   .          Rampage  .   (no gloves)
Will    .....                   (no boots)
Stlth   ++........              (no amulet)
HPRegen 0.05/turn               (no ring)
MPRegen 0.09/turn               (no ring)

@: no status effects
A: agile 1, deterioration 1
a: no special abilities


You were on level 1 of the Dungeon.
You visited 1 branch of the dungeon, and saw 2 of its levels.

You collected 26 gold pieces.

Inventory:

Hand Weapons
 a - a +1 shortbow
 b - a +0 short sword (weapon)
Missiles
 d - 40 arrows
Armour
 c - a +0 leather armour (worn)
Scrolls
 e - 3 scrolls of identify {unknown}
 g - 2 scrolls of vulnerability {unknown}


   Skills:
 + Level 2.2 Fighting
 + Level 5.9 Bows
 - Level 2.4 Dodging
 - Level 1.2 Stealth


You had one spell level left.
You didn't know any spells.
Your spell library contained the following spells:

 Spells                   Type           Power      Damage    Failure   Level
 Chain Lightning          Conj/Air       0%         N/A       100%        9
 Fire Storm               Conj/Fire      0%         5d1       100%        9
 Shatter                  Erth           0%         3d5*      100%        9


Dungeon Overview and Level Annotations

Branches:
Dungeon (2/15)

Altars:

Annotations:
D:2 Robin


Innate Abilities, Weirdness & Mutations

You are agile. (Dex +2)
Your body sometimes deteriorates upon taking damage.


Message History

You kill the goblin!
Fire: 37 arrows
Press: ? - help, Q - select action Shift-Dir - straight line, f - goblin
Aim: a goblin, wielding a +0 dagger (severely wounded, strong, 56% to hit)
You shoot an arrow. The arrow hits the goblin.
You kill the goblin!
d - 38 arrows (gained 2)
Items here: ))) †.
d - 40 arrows (gained 2)
There is a stone staircase leading down here.
You start resting.
HP restored.
b - a +0 short sword (weapon)
You climb downwards.
Level annotation: Robin The goblin barely misses you.
There is a stone staircase leading up here.
You barely miss the goblin.
Robin roars a battlecry!
The goblins go into a battle-frenzy!
The goblin barely misses you. The goblin closely misses you.
You climb upwards.
There is a stone staircase leading down here.
You hit the goblin.
The goblin is moderately wounded.
The goblin barely misses you. The goblin hits you with a +0 dagger.
You hit the goblin but do no damage.
The goblin is moderately wounded.
The goblin hits you with a +0 club. The goblin hits you with a +0 dagger.
* * * LOW HITPOINT WARNING * * *
The goblin misses you. The goblin hits you with a +0 club.
* * * LOW HITPOINT WARNING * * *
Items here: ))) ÷.
Okay, then.
Unknown command.
It was a potion of mutation.
You feel extremely strange.
You feel agile.
You feel yourself wasting away. The goblin hits you with a +0 dagger.
You die...

..#.# #.##.#......# #.###
..#.# #.##.##.##### #.#
..#.# #.##.##.# #.# ..#.#
#.##..#.# #.# ..#.#
#.##..#.#######.# ..#.#
#.##..........#.#
..#.###.####..#####.#.#
.................##.#.#
#.......####..##@##.#.#
#'#.....# #..##g##.#.#
#.#####.#####...g##.#.# ###
#.#..##...............# #.#
#.#.#.##......>..##.######.#
...#..##.......).#.........#
....####.........#..######.#
.<.....+....##'#.#..# #.#
....####.##.##.#.#..# #.#


You could see 2 goblins.

Vanquished Creatures
  A bat (D:1)
  2 endoplasms (D:1)
  A giant cockroach (D:1)
  8 goblins
  2 hobgoblins (D:1)
  A kobold (D:1)
  A quokka (D:1)
  A ball python (D:1)
  4 rats (D:1)
21 creatures vanquished.

Notes
Turn   | Place    | Note
-------+----------+-------------------------------------------
     0 | D:1      | Gabide the Deep Elf Hunter began the quest for the Orb.
     0 | D:1      | Reached XP level 1. HP: 12/12 MP: 3/3
   416 | D:1      | Found a faded altar of an unknown god.
   467 | D:1      | Reached XP level 2. HP: 6/17 MP: 4/4
  1329 | D:2      | Noticed Robin
  1671 | D:1      | Gained mutation: You are agile. (Dex +2) [potion of
                  | mutation]
  1671 | D:1      | Gained mutation: Your body sometimes deteriorates upon
                  | taking damage. [potion of mutation]
  1671 | D:1      | Slain by a goblin

Illustrated notes

Levels and vault maps discovered:
D:1:      nzn_arrival_crosshair, layout_basic,
          dreamdust_ecumenical_altar_angels_and_demons
D:2:      layout_basic, basic_altar, uniq_robin

Skill      XL: |  1  2 |
---------------+-------+-----
Fighting       | 2 |  2.2
Bows           | |  5.9
Dodging        | |  2.4
Stealth        | |  1.2

Action                   || total
-------------------------++-------
Melee: Short sword       ||    39
       Punch             ||     1
 Fire: Shortbow          ||    13
  Use: Potion            ||     1
Armor: Leather armour    ||    10
Dodge: Dodged            ||    32
